 Dungeon Crawl Stone Soup version 0.28-a0-1174-g766a6a42ef (webtiles) character file.

Game seed: 9093499198790410448

288 yoda5477 the Skirmisher (level 6, -4/48 HPs)
             Began as a Demonspawn Transmuter on Dec 16, 2021.
             Slain by a gnoll (9 damage)
             ... on level 3 of the Dungeon.
             The game lasted 00:31:37 (6218 turns).

yoda5477 the Skirmisher (Demonspawn Transmuter)     Turns: 6218, Time: 00:31:38

Health: -4/48      AC:  3    Str: 13    XL:     6   Next: 9%
Magic:  9/9        EV: 12    Int: 20    God:
Gold:   104        SH:  0    Dex: 13    Spells: 8/9 levels left

rFire   . . .      SeeInvis .   r - +0 dagger (venom)
rCold   . . .      Faith    .   (no shield)
rNeg    . . .      Spirit   .   b - +0 leather armour
rPois   .          Reflect  .   (helmet currently unavailable)
rElec   .          Harm     .   (no cloak)
rCorr   .          Rampage  .   (no gloves)
Will    .....                   (boots currently unavailable)
Stlth   ++........              (no amulet)
HPRegen 0.16/turn               j - +6 ring of intelligence
MPRegen 0.22/turn               (no ring)

@: lethally poisoned (-4 -> -26), appendages (expiring)
A: talons 2, horns 1, magic regeneration
a: End Transformation


You were on level 3 of the Dungeon.
You had temporarily grown beastly talons.
You visited 1 branch of the dungeon, and saw 4 of its levels.

You collected 104 gold pieces.

Inventory:

Hand Weapons
 a - a +0 halberd
 c - a +0 short sword
 i - a +3 dagger of flaming
 o - a +0 mace
 r - a +0 dagger of venom (weapon)
 t - a +0 hunting sling
Missiles
 k - 66 stones (quivered)
 s - 53 sling bullets
 u - 68 arrows
 v - 62 bolts
 A - 7 poisoned darts
Armour
 b - a +0 leather armour (worn)
 h - a +0 ring mail
 l - a +0 chain mail
 x - a +1 hat (melded)
 y - a +0 kite shield
Jewellery
 j - a +6 ring of intelligence (left hand)
Scrolls
 e - a scroll of fog {unknown}
 g - a scroll of enchant armour {unknown}
 m - a scroll of teleportation
 n - a scroll of blinking {unknown}
 p - a scroll of enchant weapon {unknown}
 q - 3 scrolls of identify {unknown}
Potions
 d - 2 potions of heal wounds {unknown}
 f - 2 potions of invisibility {unknown}
 w - a potion of lignification {unknown}
 z - a potion of mutation {unknown}
 B - a potion of flight {unknown}


   Skills:
 * Level 4.1 Fighting
 + Level 0.0 Short Blades
 + Level 0.0 Armour
 + Level 3.1 Dodging
 - Level 2.0 Stealth
 - Level 2.6 Unarmed Combat
 - Level 2.0 Spellcasting
 - Level 3.0 Transmutations


You had 8 spell levels left.
You knew the following spells:

 Your Spells              Type           Power      Damage    Failure   Level
a - Beastly Appendage     Tmut           28%        N/A       6%          1

Your spell library contained the following spells:

 Spells                   Type           Power      Damage    Failure   Level
 Wereblood                Tmut           14%        N/A       9%          2
 Spider Form              Tmut/Pois      8%         N/A       32%         3
 Ice Form                 Ice/Tmut       8%         N/A       71%         4


Dungeon Overview and Level Annotations

Branches:
Dungeon (4/15)
 Temple: D:4-7

Altars:

Shops:
D:1 [

Annotations:
D:1 1 exclusion
D:3 1 exclusion


Innate Abilities, Weirdness & Mutations

You have temporarily grown beastly talons.
You have a pair of small horns on your head.
You regenerate magic rapidly.


Message History

You kill the ball python!
You see here a ball python corpse.
There is a stone staircase leading up here.
Found a stone staircase leading down.
Your transformation is almost over.
Your talons disappear.
Your +1 hat unmelds from your body.
An endoplasm comes into view.
A gnoll comes into view. It is wielding a +0 flail.
The gnoll shouts!
You hear a shout!
A gnoll comes into view. It is wielding a +2 flail of venom.
You hear a shout!
A gnoll comes into view. It is wielding a +0 club.
The gnoll shouts!
A gnoll comes into view. It is wielding a +0 halberd.
There is a stone staircase leading up here.
Casting: Beastly Appendage (safe; 6% risk of failure)
Confirm with . or Enter, or press ? or * to list all spells.
Your feet morph into talons.
Your +1 hat melds into your body.
Throw: 67 stones
Press: ? - help, Q - select action, (/) - cycle Shift-Dir - straight line, f - gnoll
Aim: a gnoll, wielding a +0 flail (63% to hit)
You throw a stone. The stone hits the gnoll.
The gnoll is lightly wounded.
The gnoll barely misses you. The gnoll closely misses you.
The gnoll barely misses you.
You climb upwards.
Level annotation: 1 exclusion
There is a stone staircase leading down here.
You hit the gnoll. You claw the gnoll, but do no damage.
The gnoll is lightly wounded.
The gnoll hits you with a +2 flail of venom!
The gnoll hits you with a +0 flail!
Your transformation is almost over.
The gnoll closely misses you. The gnoll hits you with a +0 flail!
The gnoll hits you with a +2 flail of venom!
* * * LOW HITPOINT WARNING * * *
You are lethally poisoned!
The gnoll hits you with a +0 flail!
You die...

######.######......
#...)..#...####'###
#.####.....'....#
#....#.....####.###
#.##.#..)..........
#.#.........#......
###..#......#.#....
##g#....#....#.#.#..
#>.@................
##g#.#######.#.#.#..
#....# #.#......
####..#########'#####..
#..................##..
#.....#####........##..
#.....#####............
#.....'...'............
#.....#####......<.....


You could see 2 gnolls.

Vanquished Creatures
  Natasha (thrice) (D:2)
  Robin (D:2)
  4 gnolls
  7 adders
  A howler monkey skeleton (D:4)
  2 worms
  3 bats
  3 endoplasms
  4 giant cockroaches
  17 goblins
  10 hobgoblins
  5 jackals
  6 quokkas
  2 ball pythons (D:4)
  4 frilled lizards
  8 kobolds
  7 rats
87 creatures vanquished.

Notes
Turn   | Place    | Note
-------+----------+-------------------------------------------
     0 | D:1      | yoda5477 the Demonspawn Transmuter began the quest for the
                  | Orb.
     0 | D:1      | Reached XP level 1. HP: 15/15 MP: 3/3
   571 | D:1      | Mutation became permanent: You have a pair of small horns
                  | on your head. [demonic ancestry]
   571 | D:1      | Gained mutation: You have a pair of horns on your head.
                  | [demonic ancestry]
   571 | D:1      | Reached XP level 2. HP: 20/21 MP: 3/5
   720 | D:1      | Found Inyiwk's Armour Shoppe.
   782 | D:1      | Found a faded altar of an unknown god.
  1043 | D:2      | Reached skill level 1 in Stealth
  1983 | D:2      | Reached XP level 3. HP: 26/27 MP: 6/6
  2173 | D:1      | Reached skill level 2 in Fighting
  2922 | D:2      | Reached XP level 4. HP: 17/33 MP: 5/7
  3111 | D:2      | Noticed Robin
  3492 | D:2      | Killed Robin
  3859 | D:2      | Noticed Natasha
  4125 | D:2      | Killed Natasha
  4126 | D:2      | Reached skill level 3 in Fighting
  4126 | D:2      | Reached XP level 5. HP: 41/41 MP: 8/8
  4306 | D:2      | Noticed Natasha
  4319 | D:2      | Killed Natasha
  4330 | D:2      | Noticed Natasha
  4347 | D:2      | Killed Natasha
  5765 | D:3      | Reached skill level 4 in Fighting
  5765 | D:3      | Gained mutation: You regenerate magic rapidly. [demonic
                  | ancestry]
  5765 | D:3      | Reached XP level 6. HP: 48/48 MP: 7/9
  6038 | D:4      | Noticed a +0 falchion
  6039 | D:4      | Noticed a +0 dagger
  6039 | D:4      | Noticed a +0 spear
  6042 | D:4      | Noticed a +0 dagger
  6043 | D:4      | Noticed a +0 falchion
  6044 | D:4      | Noticed a +0 short sword
  6044 | D:4      | Noticed a +0 short sword
  6045 | D:4      | Noticed a +0 spear
  6218 | D:3      | Slain by a gnoll

Illustrated notes

Levels and vault maps discovered:
D:1:      ncdulo_wetmaze, layout_loops_ring,
          shapermc_ecumenical_altar_mp_urbaneastern, serial_shops, shop
D:2:      layout_basic, minmay_surrounded, uniq_robin, uniq_natasha
D:3:      layout_basic, hangedman_glass_garden, kennysheep_cross_bottleneck,
          minmay_strange_pillars
D:4:      layout_layer_cave, mainiacjoe_overflow_small_starburst,
          nicolae_uskayaw_en_pointe, lemuel_old_faithful, uniq_sigmund

Skill      XL: |  1  2  3  4  5 |
---------------+----------------+-----
Dodging        | 2 3 |  3.1
Stealth        | 1 2 |  2.0
Transmutations | 2 3 |  3.0
Fighting       | 2 3 4 |  4.1
Unarmed Combat | |  2.6
Spellcasting   | |  2.0

Action                   |  1- 3 |  4- 6 || total
-------------------------+-------+-------++-------
Melee: Short sword       |     9 |       ||     9
       Dagger            |   107 |   151 ||   258
       Kick              |    26 |    34 ||    60
       Unarmed           |     6 |       ||     6
       Headbutt          |    19 |    16 ||    35
       Punch             |     1 |       ||     1
Throw: Stone             |    16 |     7 ||    23
 Cast: Beastly Appendage |    31 |    37 ||    68
  Use: Scroll            |       |     1 ||     1
 Stab: Sleeping          |     2 |     1 ||     3
Armor: Leather armour    |    19 |    35 ||    54
Dodge: Dodged            |    79 |   102 ||   181

Table legend: (Time is in decaauts)
 A = Elapsed time spent in this place.
 B = Non-inter-level travel time spent in this place.
 C = Inter-level travel time spent in this place.
 D = Time resting spent in this place.
 E = Time spent auto-exploring this place.
 F = Levels seen in this place.
 G = Mean time per level.
                   A        B        C        D        E       F      G
               +--------+--------+--------+--------+--------+-----+--------+
         Total |   6252 |   6143 |    109 |   3095 |    928 |   4 | 1563.0 |
       Dungeon |   6252 |   6143 |    109 |   3095 |    928 |   4 | 1563.0 |
               +--------+--------+--------+--------+--------+-----+--------+

Top non-repeatable levels by time:
     D:1: 2410 daAuts
     D:2: 2272 daAuts
     D:3: 1358 daAuts
     D:4: 210 daAuts
